 Dungeon Crawl Stone Soup version 0.31.0-12-g77e489cdc1 (webtiles) character file.

Game seed: 11455623985391172886

401 Gadfly the Shield-Bearer (level 6, 0/38 HPs)
             Began as a Gargoyle Fighter on Mar 3, 2024.
             Incinerated by a bombardier beetle (6 damage)
             ... with a burning spray
             ... on level 4 of the Dungeon on Mar 4, 2024.
             The game lasted 00:05:50 (2916 turns).

Gadfly the Shield-Bearer (Gargoyle Fighter)         Turns: 2916, Time: 00:05:50

Health: 0/38       AC: 17    Str: 20    XL:     6   Next: 85%
Magic:  8/8        EV:  5    Int:  8    God:
Gold:   177        SH:  4    Dex: 11    Spells: 5/5 levels left

rFire   . . .        b - +1 dagger (venom)
rCold   . . .        c - +0 buckler
rNeg    + . .        f - +1 plate armour
rPois   ∞            (no helmet)
rElec   +            (no cloak)
rCorr   .            (no gloves)
SInv    +            (no boots)
Will    .....        (no amulet) Stlth
                     o - ring of see invisible
HPRegen 0.26/turn    (no ring)
MPRegen 0.11/turn

%: no passive effects
@: on fire, glowing
A: sickness immunity, AC +4, negative energy resistance 1, electricity
resistance, torment resistance 1, petrification resistance
a: no special abilities


You were on level 4 of the Dungeon.
You visited 1 branch of the dungeon, and saw 4 of its levels.

You collected 177 gold pieces.

Inventory:

Hand Weapons
 a - a +0 flail
 b - a +1 dagger of venom (weapon)
Armour
 c - a +0 buckler (worn)
 f - a +1 plate armour (worn)
Jewellery
 o - a ring of see invisible (left hand)
Scrolls
 e - a scroll of fear
 i - a scroll of teleportation
 m - 2 scrolls of vulnerability
 q - a scroll of revelation
Potions
 d - 2 potions of might
 g - a potion of cancellation
 h - a potion of magic {unknown}
 j - a potion of heal wounds
 k - a potion of attraction
 l - a potion of curing
 n - a potion of berserk rage {unknown}


   Skills:
 + Level 4.1 Fighting
 * Level 3.7 Maces & Flails
 + Level 4.0 Armour
 + Level 4.1 Shields
 * Level 3.2 Invocations
 * Level 2.5 Evocations


You had 5 spell levels left.
You didn't know any spells.
Your spell library contained the following spells:

 Spells                   Type           Power      Damage    Failure   Level
 Call Imp                 Summ           0%         N/A       100%        2
 Scorch                   Fire           0%         2d5       100%        2
 Hailstorm                Conj/Ice       0%         3d5       100%        3
 Summon Ice Beast         Ice/Summ       0%         N/A       100%        3
 Animate Dead             Necr           0%         N/A       100%        4
 Flame Wave               Conj/Fire      0%         2d4       100%        4
 Sculpt Simulacrum        Ice/Alch       0%         N/A       100%        6
 Summon Cactus Giant      Summ           0%         N/A       100%        6
 Haunt                    Necr/Summ      0%         N/A       100%        7
 Summon Hydra             Summ           0%         N/A       100%        7
 Infestation              Necr           0%         N/A       100%        8
 Sublimation of Blood     Necr           Unusable   N/A       N/A         2

Dungeon Overview and Level Annotations

Branches:
Dungeon (4/15)
 Temple: D:4-7

Altars:
Uskayaw


Innate Abilities, Weirdness & Mutations

You are immune to sickness and miasma.
Your stone body is resilient. (AC +4)
You are immune to poison.
You resist negative energy. (rN+)
You are resistant to electric shocks. (rElec)
You are resistant to unholy torment.
You are immune to petrification.


Message History

The liquid fire burns you! The bombardier beetle bites you.
You hit the bombardier beetle but do no damage.
The bombardier beetle is poisoned.
The liquid fire burns you!
You are too injured to fight recklessly!
You are too injured to fight recklessly!
You are too injured to fight recklessly!
You are too injured to fight recklessly!
You are too injured to fight recklessly!
You are too injured to fight recklessly!
You are too injured to fight recklessly!
You are too injured to fight recklessly!
You are too injured to fight recklessly!
You are on fire!
You are on fire!
Unknown command.
You are too injured to fight recklessly!
Unknown command.
You are too injured to fight recklessly!
You hit the bombardier beetle.
The bombardier beetle looks as sick as possible!
The bombardier beetle is lightly wounded.
The liquid fire burns you!
The bombardier beetle sprays incendiary fluid at you.
The burning spray hits you.
You are even more covered in liquid fire!
You hit the bombardier beetle.
The bombardier beetle looks as sick as possible!
The bombardier beetle is almost dead.
The liquid fire burns you!
* * * LOW HITPOINT WARNING * * *
You kill the bombardier beetle!
You shake off some of the fire as you move.
The liquid fire burns you!
* * * LOW HITPOINT WARNING * * *
You are on fire!
You shake off some of the fire as you move.
The liquid fire burns you!
You die...

#.....# #.#........
###.....# #.#.#.#####
#.......####.#.#.# #
#.#.......##.#.#.# #
###.##....#.##.#.#.#####
........................
.##.###.###.##.#.#.#####
#.###.###.##.#.#.# #
#....@....##.#.#[# #
#####.######.#.# # #'#
#.#.#.#####
......†.....##.#.#......
.#####..=...##.#.#######
.......# # ####+#### # #
##


There were no monsters in sight!

Vanquished Creatures
  Sigmund (D:3)
  2 bombardier beetles
  An orc priest (D:4)
  A hound (D:4)
  3 adders
  2 ribbon worms
  3 dart slugs
  7 orcs
  4 endoplasms
  2 giant cockroaches (D:3)
  9 goblins
  6 hobgoblins
  4 jackals (D:2)
  7 kobolds
  A quokka (D:2)
  8 ball pythons
  6 bats
  6 frilled lizards
  5 rats
78 creatures vanquished.

Notes
Turn   | Place    | Note
-------+----------+-------------------------------------------
     0 | D:1      | Gadfly the Gargoyle Fighter began the quest for the Orb.
     0 | D:1      | Reached XP level 1. HP: 14/14 MP: 1/1
   171 | D:1      | Reached XP level 2. HP: 19/19 MP: 2/2
   748 | D:2      | Reached skill level 1 in Invocations
   748 | D:2      | Reached XP level 3. HP: 18/23 MP: 3/3
   752 | D:2      | Reached skill level 1 in Evocations
   795 | D:2      | Found a hide-covered altar of Uskayaw.
  1681 | D:3      | Reached XP level 4. HP: 26/28 MP: 5/5
  1954 | D:3      | Noticed Sigmund
  1962 | D:3      | Killed Sigmund
  1963 | D:3      | Reached XP level 5. HP: 27/33 MP: 6/6
  1963 | D:3      | Reached XP level 6. HP: 31/38 MP: 7/7
  2916 | D:4      | Incinerated by a bombardier beetle

Illustrated notes

Levels and vault maps discovered:
D:1:      dpeg_arrival_three_same_balls, layout_loops_ring
D:2:      layout_loops_ring, basic_altar, kennysheep_cross_bottleneck,
          nicolae_eternal_life
D:3:      minmay_angry_zag, layout_loops_ring, hangedman_decor_clover_reticule,
          uniq_sigmund
D:4:      layout_basic, uniq_eustachio

Skill      XL: |  1  2  3  4  5  6 |
---------------+-------------------+-----
Invocations    | 1 2 3 |  3.2
Evocations     | 1 2 |  2.5
Maces & Flails | 3 |  3.7
Shields        | 4 |  4.1
Fighting       | 4 |  4.1
Armour         | 4 |  4.0

Action                     |  1- 3 |  4- 6 || total
---------------------------+-------+-------++-------
  Melee: Flail             |   151 |   136 ||   287
         Dagger            |       |    16 ||    16
    Use: Scroll            |     7 |     3 ||    10
         Potion            |       |     3 ||     3
 Armour: Scale mail        |    27 |       ||    27
         Plate armour      |   118 |   158 ||   276
         Chain mail        |     8 |       ||     8
  Dodge: Dodged            |    59 |    32 ||    91
  Block: Buckler           |    41 |    31 ||    72
